 Dungeon Crawl Stone Soup version 0.25-a0-420-g1cc7eeb0d1 (webtiles) character file.

Game seed: 14463284156477195425, levelgen mode: deterministic

370 Kohma the Covered (level 6, -5/56 HPs)
             Began as a Minotaur Fighter on Jan 18, 2020.
             Slain by a killer bee (7 damage)
             ... on level 4 of the Dungeon.
             The game lasted 00:07:38 (3629 turns).

Kohma the Covered (Minotaur Fighter)                Turns: 3629, Time: 00:07:39

Health: -5/56      AC:  8    Str: 22    XL:     6   Next: 42%
Magic:  5/5        EV:  7    Int:  5    God:
Gold:   168        SH:  9    Dex: 12    Spells: 5/5 levels left

rFire    . . .     SeeInvis .   y - +6 dagger of Putrescence {holy, +Inv rC+ Dex+2}
rCold    + . .     Gourm    .   c - +0 shield
rNeg     . . .     Faith    .   b - +0 scale mail
rPois    .         Spirit   .   (helmet restricted)
rElec    .         Reflect  .   (no cloak)
rCorr    .         Harm     .   t - +0 pair of gloves
MR       .....                  (no boots)
Stlth    ..........             (no amulet)
HPRegen  0.18/turn              (no ring)
MPRegen  0.09/turn              (no ring)

@: lethally poisoned (-5 -> -21)
A: retaliatory headbutt, horns 2
a: Evoke Invisibility


You were on level 4 of the Dungeon.
You were not hungry.

You visited 1 branch of the dungeon, and saw 4 of its levels.

You collected 168 gold pieces.

Inventory:

Hand Weapons
 a - a +0 war axe
 r - a +3 dagger
 y - the +6 dagger of Putrescence (weapon) {holy, +Inv rC+ Dex+2}
   (You found it on level 4 of the Dungeon)

   It has been blessed by the Shining One to cause great damage to the undead
   and demons.
   It affects your dexterity (+2).
   It protects you from cold.
   It lets you turn invisible.
Missiles
 e - 2 throwing nets
 h - 2 curare-tipped darts (quivered)
 k - 16 poisoned darts
Armour
 b - a +0 scale mail (worn)
 c - a +0 shield (worn)
 t - a +0 pair of gloves (worn)
Jewellery
 m - a cursed ring of attention {unknown}
 x - a cursed -2 ring of dexterity {unknown}
Wands
 v - a wand of iceblast (16)
Scrolls
 i - 6 scrolls of remove curse
 j - 4 scrolls of identify
 l - 3 scrolls of fog {unknown}
 n - 4 scrolls of teleportation {unknown}
 w - a scroll of amnesia {unknown}
Potions
 d - a potion of might
 g - 2 potions of curing {unknown}
 o - 2 potions of flight {unknown}
 p - 3 potions of heal wounds {unknown}
 s - a potion of mutation {unknown}
 u - a potion of invisibility {unknown}
Comestibles
 f - 9 rations


   Skills:
 + Level 5.1 Fighting
 - Level 5.4 Axes
 * Level 6.3 Armour
 - Level 3.6 Shields


You had 5 spell levels left.
You didn't know any spells.
Your spell library was empty.

Dungeon Overview and Level Annotations

Branches:
Dungeon (4/15)
 Temple: D:4-7

Altars:
Wu Jian


Innate Abilities, Weirdness & Mutations

You reflexively headbutt those who attack you in melee.
You have a pair of horns on your head.


Message History

The killer bee stings you.
* * * LOW HITPOINT WARNING * * *
You feel sick. You block the killer bee's attack.
The killer bee closely misses you. The killer bee barely misses you.
The killer bee completely misses you. You block the killer bee's attack. x2
You feel sick. The killer bee stings you.
* * * LOW HITPOINT WARNING * * *
The killer bee stings you.
* * * LOW HITPOINT WARNING * * *
You are lethally poisoned!
The killer bee poisons you!
* * * LOW HITPOINT WARNING * * *
You feel sick. The killer bee stings you.
* * * LOW HITPOINT WARNING * * *
You are more poisoned.
The killer bee poisons you! You block the killer bee's attack.
* * * LOW HITPOINT WARNING * * *
You feel sick. The killer bee stings you!
You die...

........#...#.....#......#.......
........#...'.....#......#.......
........#...#.....#......#.......
........#...#.....#......#.......
........###'####.##..###+#.......
.####+####..#######..#.....######
.#.............#..y..#.....#.....
.#.............#.yy..#.....#.....
.#.............#@yy..'.....#.....
.#.............#.....#.....'..รท..
.##...####..####.##+##.....###.##
..#...####..## #.#......######.##
..#...#......# ..#......#........
..#...#......#...#......#.<......
..#...#......#...#......#........
..###'####'#######......#.####..#
........#### ...######.####..#


You could see 5 killer bees.

Vanquished Creatures
  An ogre (D:2)
  A killer bee (D:4)
  A hound (D:3)
  An orc wizard (D:3)
  4 gnolls (D:2)
  3 adders
  An ooze (D:3)
  5 worms
  2 leopard geckos (D:2)
  7 orcs
  10 bats
  3 giant cockroaches
  11 goblins
  8 hobgoblins
  13 jackals
  8 kobolds
  2 quokkas
  2 ball pythons
  6 frilled lizards
  10 rats
99 creatures vanquished.

Notes
Turn   | Place    | Note
-------+----------+-------------------------------------------
     0 | D:1      | Kohma the Minotaur Fighter began the quest for the Orb.
     0 | D:1      | Reached XP level 1. HP: 19/19 MP: 0/0
   124 | D:1      | Reached XP level 2. HP: 21/27 MP: 1/1
   133 | D:1      | Reached skill level 4 in Armour
   658 | D:1      | You fall into a shaft and drop 1 floor!
   671 | D:2      | Reached XP level 3. HP: 30/33 MP: 2/2
  1132 | D:2      | Reached XP level 4. HP: 21/40 MP: 3/3
  1310 | D:2      | Noticed an ogre
  1328 | D:2      | Killed an ogre
  1328 | D:2      | Reached skill level 5 in Armour
  1328 | D:2      | Reached XP level 5. HP: 47/47 MP: 4/4
  1512 | D:2      | Found an ornate altar of the Wu Jian Council.
  2360 | D:3      | Reached skill level 5 in Axes
  2551 | D:3      | Reached XP level 6. HP: 44/55 MP: 5/5
  2603 | D:3      | Reached skill level 6 in Armour
  3440 | D:4      | Got a slimy dagger
  3454 | D:4      | Identified the +6 dagger of Putrescence {holy, +Inv rC+
                  | Dex+2} (You found it on level 4 of the Dungeon)
  3616 | D:4      | Reached skill level 5 in Fighting
  3629 | D:4      | HP: 2/56 [poisoned by a killer bee]
  3629 | D:4      | Slain by a killer bee

Levels and vault maps discovered:
D:1:      tarquinn_simple_flora_water_e, layout_loops_cross
D:2:      layout_loops_corners, lemuel_round_altar, first_ration,
          chequers_arboretum, minmay_diced_spiral
D:3:      layout_rooms
D:4:      layout_gridville, kennysheep_okawaru_gauntlet

Skill      XL: |  1  2  3  4  5  6 |
---------------+-------------------+-----
Armour         | 4 5 6 |  6.3
Axes           | 3 4 5 |  5.4
Fighting       | 4 5 |  5.1
Shields        | |  3.6

Action                   |  1- 3 |  4- 6 || total
-------------------------+-------+-------++-------
Melee: War axe           |   103 |   123 ||   226
       Headbutt          |     9 |    12 ||    21
       Dagger            |       |     4 ||     4
Throw: Dart              |       |     2 ||     2
  Use: Scroll            |       |     2 ||     2
  Eat: Chunk             |     1 |     8 ||     9
Armor: Scale mail        |    52 |    57 ||   109
Dodge: Dodged            |    40 |    59 ||    99
Block: Shield            |    63 |    81 ||   144

Table legend:
 A = Non-vault XP
 B = Vault XP
 C = Vault XP percentage of total XP
 D = Non-vault monster count
 E = Vault monster count
 F = Vault count percentage of total count
                 A         B        C        D         E       F
            +---------+---------+-------+---------+---------+-------
      Total |     523 |       6 |   1.1 |      95 |       4 |   4.0
            +---------+---------+-------+---------+---------+-------
        D:1 |      40 |       0 |   0.0 |      26 |       0 |   0.0
        D:2 |     224 |       6 |   2.6 |      25 |       4 |  13.8
        D:3 |     190 |       0 |   0.0 |      38 |       0 |   0.0
        D:4 |      69 |       0 |   0.0 |       6 |       0 |   0.0
            +---------+---------+-------+---------+---------+-------
